[Event "Allsvenskan Div II 5 2023/2024: SS Manhem III - Molndals SK"]
[Site "Goteborgs schackcentrum, Vegatan 20, Gothenburg, Sweden"]
[Date "2023.12.02"]
[Round "1.1"]
[White "Karlzen, Henrik"]
[Black "Recktenwald, Christian"]
[Result "1-0"]
[TimeControl "90 minutes for 40 moves + 30 minutes for the rest of the game + 30 seconds per move from move one."]
[WhiteFideId "1709380"]
[BlackFideId "1728709"]
[WhiteElo "2159"]
[BlackElo "1809"]

1. d4 Nf6 2. c4 e6 3. Nf3 c5 4. d5 exd5 5. cxd5 g6 6. Bf4 Bg7 7. Nc3 d6 8. Qa4+ Bd7 9. Qb3 Qc7 10.
e4 O-O 11. Be2 Nh5 12. Bg5 Bg4 13. O-O Re8 14. h3 Bxf3 15. Bxf3 Nd7 16. Bxh5 gxh5 17. Rae1 a6 18. Qd1 Ne5 19.
Qxh5 b5 20. Re3 c4 21. Rg3 Ng6 22. f4 Kh8 23. f5 Bd4+ 24. Kh1 Ne7 25. Qxf7 1-0

[Event "Allsvenskan Div II 5 2023/2024: SS Manhem III - Molndals SK"]
[Site "Goteborgs schackcentrum, Vegatan 20, Gothenburg, Sweden"]
[Date "2023.12.02"]
[Round "1.2"]
[White "Andreasson, Vincent"]
[Black "Nilsson, Jorgen"]
[Result "0-1"]
[TimeControl "90 minutes for 40 moves + 30 minutes for the rest of the game + 30 seconds per move from move one."]
[WhiteFideId "1721321"]
[BlackFideId "1723812"]
[WhiteElo "2000"]
[BlackElo "2062"]

1. d4 g6 2. e4 Bg7 3. c4 d6 4. Nc3 Nf6 5. Be2 e5 6. Nf3 O-O 7. h3 Nc6 8. Be3 Qe8 9. Qd3 Nxe4 10.
Qxe4 exd4 11. Qxe8 Rxe8 12. Nd5 dxe3 13. Nxc7 Bf5 14. Nxa8 Rxa8 15. fxe3 Bxb2 16. Rd1 Ba3 17. Kf2 Re8 18.
Bd3 Bc5 19. Rhe1 Be6 20. Ng5 Ne5 21. Nxe6 Rxe6 22. Bf1 b6 23. Rd5 f5 24. g3 g5 25. Kg2 Kg7 26. e4 f4 27. gxf4 gxf4 28.
Be2 Rg6+ 29. Kh2 f3 30. Bf1 f2 0-1

[Event "Allsvenskan Div II 5 2023/2024: SS Manhem III - Molndals SK"]
[Site "Goteborgs schackcentrum, Vegatan 20, Gothenburg, Sweden"]
[Date "2023.12.02"]
[Round "1.3"]
[White "Teiffel, Henrik"]
[Black "Almemo, Fredrik"]
[Result "1/2-1/2"]
[TimeControl "90 minutes for 40 moves + 30 minutes for the rest of the game + 30 seconds per move from move one."]
[WhiteFideId "1723820"]
[BlackFideId "1721186"]
[WhiteElo "1866"]
[BlackElo "1841"]

1. e4 e6 2. d3 d5 3. Nd2 c5 4. Ngf3 Nc6 5. g3 Nf6 6. Bg2 Be7 7. O-O O-O 8. Re1 Qc7 9. c3 b6 10.
Qe2 Ba6 11. e5 Nd7 12. Nf1 Rab8 13. Bf4 b5 14. Ne3 d4 15. Ng4 h5 16. Nf6+ gxf6 17. exf6 Bd6 18. Bh6 Nxf6 19. Bxf8 Bxf8 20.
Ng5 Bb7 21. Ne4 Nxe4 22. Bxe4 Ne7 23. Qxh5 Bxe4 24. Rxe4 dxc3 25. bxc3 Qd6 26. d4 Qd5 27. Re5 Qc4 28. Rxc5 Qd3 29.
Rc7 Ng6 30. Re1 Bg7 31. Rd1 Qc2 32. Qf3 Nh8 33. Rxa7 Rc8 34. Rd3 b4 35. cxb4 Qb1+ 36. Kg2 Rc1 37. Ra8+ Bf8 38. Qe2 Re1 39. Qd2 Rh1 40. Kf3 Rxh2 41.
Rda3 Qf5+ 42. Qf4 Qd5+ 43. Ke3 Ng6 44. Qf3 Qg5+ 45. Ke2 Qb5+ 46. Qd3 Qxb4 1/2-1/2

[Event "Allsvenskan Div II 5 2023/2024: SS Manhem III - Molndals SK"]
[Site "Goteborgs schackcentrum, Vegatan 20, Gothenburg, Sweden"]
[Date "2023.12.02"]
[Round "1.4"]
[White "Ahlqvist, Jonas"]
[Black "Johansson, Mats"]
[Result "0-1"]
[TimeControl "90 minutes for 40 moves + 30 minutes for the rest of the game + 30 seconds per move from move one."]
[WhiteFideId "1721330"]
[BlackFideId "1722913"]
[WhiteElo "1788"]
[BlackElo "1792"]

1. e4 e6 2. d4 a6 3. Nf3 b5 4.
Bf4 Bb7 5. Nbd2 c5 6. c3 Nf6 7. Bd3 Be7 8. O-O O-O 9. a4 Qb6 10. Qb3 b4 11. Rfe1 a5 12. Rad1 d5 13. exd5 Nxd5 14.
Bg3 bxc3 15. Qxb6 Nxb6 16. bxc3 Nxa4 17. Rb1 Bxf3 18. Nxf3 Nxc3 19. Rb7 Nc6 20. dxc5 Bxc5 21. Ne5 Nxe5 22.
Bxe5 Bb4 23. Rc1 Rac8 24. Kf1 Rfd8 25. Ba6 Rc5 26. Bf4 Rcd5 27. g3 g5 28. Be3 h6 29. Bc4 R5d7 30. Rb6 Rd6 31.
Rb7 R8d7 32. Rb8+ Rd8 33. Rb7 R8d7 34. Rb8+ Kg7 35. h4 gxh4 36.
gxh4 Ne4 37. Kg2 Bd2 38. Rg1 Bxe3 39. fxe3 Kf6 40. Rh8 Kg7 41. Ra8 Nd2 42. Be2 Rd5 43. Kf2+ Kh7 44. Rgg8 Ne4+ 45.
Kg2 Nf6 46. Rh8+ Kg7 47. Bf3 Re5 48. e4 Rd3 49. Kg3 Rxe4 0-1

[Event "Allsvenskan Div II 5 2023/2024: SS Manhem III - Molndals SK"]
[Site "Goteborgs schackcentrum, Vegatan 20, Gothenburg, Sweden"]
[Date "2023.12.02"]
[Round "1.5"]
[White "Thornberg, Bo"]
[Black "Eldh, Hjalmar"]
[Result "1/2-1/2"]
[TimeControl "90 minutes for 40 moves + 30 minutes for the rest of the game + 30 seconds per move from move one."]
[WhiteFideId "1724665"]
[BlackFideId "1767968"]
[WhiteElo "1724"]
[BlackElo "1758"]

1. f4 d5 2. Nf3 Nf6 3. e3 c5 4. b3 Nc6 5. Bb5 Bd7 6. Bb2 e6 7. O-O Bd6 8. d3 O-O 9. Nbd2 a6 10.
Bxc6 Bxc6 11. Ne5 Rc8 12. a4 d4 13. Ndc4 dxe3 14. Qe2 Nd5 15. Nxe3 Qh4 16. g3 Bxe5 17. gxh4 Bxb2 18. Nxd5 Bxd5 19.
c4 Bd4+ 20. Rf2 Bxa1 21. cxd5 Bd4 22. dxe6 fxe6 23. Kg2 Bxf2 24. Qxf2 e5 25. f5 g6 26. Qf3 Rf7 27. Qd5 gxf5 28.
Qxe5 Rd8 29. Qxc5 Rxd3 30. Qc4 Rd6 31. Qf4 Rfd7 32. Qxf5 Rd2+ 33. Kh1 Rd1+ 34. Kg2 Rg7+ 35. Kh3 Rd8 36. a5 h5 37. Qe6+ Kh8 38. Qh6+ Kg8 39. Qe6+ Kh8 1/2-1/2